 Dungeon Crawl Stone Soup version 0.16.0-17-g811c1d7 (webtiles) character file.

343 maniek23 the Ducker (level 6, 0/48 HPs)
             Began as a Draconian Transmuter on Mar 21, 2015.
             Was an Initiate of Nemelex Xobeh.
             Slain by an adder (5 damage)
             ... on level 4 of the Dungeon.
             The game lasted 00:14:06 (3151 turns).

maniek23 the Ducker (Draconian Transmuter)          Turns: 3151, Time: 00:14:06

Health: 0/48       AC:  9    Str: 13    XL:     6   Next: 31%
Magic:  11/12      EV: 13    Int: 14    God:    Nemelex Xobeh [......]
Gold:   126        SH:  0    Dex: 12    Spells: 2 memorised, 8 levels left

rFire  . . .     SeeInvis .     e - +0 dagger
rCold  . . .     Clarity  .     (armour unavailable)
rNeg   . . .     SustAb   .     (no shield)
rPois  .         Gourm    .     l - +0 hat
rElec  .         Spirit   .     (no cloak)
rCorr  .         Warding  .     q - +2 pair of gloves
rMut   .         Stasis   .     (boots unavailable)
MR     .....                    (no amulet)
Stlth  +.........               (no ring)
                                (no ring)

@: appendage, not resistant to hostile enchantments, very unstealthy
A: unfitting armour, talons 3, cold-blooded, AC +6
a: End Transformation, Renounce Religion


You were on level 4 of the Dungeon.
You worshipped Nemelex Xobeh.
Nemelex Xobeh was noncommittal.
You were not hungry.
You had grown temporary talons.
You visited 1 branch of the dungeon, and saw 4 of its levels.

You collected 126 gold pieces.

Inventory:

Hand weapons
 e - a +0 dagger (weapon)
Missiles
 b - 6 arrows
 g - 24 arrows of dispersal
Armour
 l - a +0 hat (worn)
 q - a +2 pair of gloves (worn)
Scrolls
 i - 2 scrolls of remove curse {unknown}
 j - 2 scrolls of teleportation {unknown}
 k - a scroll of enchant weapon {unknown}
 m - a scroll of fear {unknown}
 n - a scroll of amnesia {unknown}
 o - 2 scrolls of identify {unknown}
 p - a scroll of recharging {unknown}
 x - a scroll of blinking {unknown}
Potions
 c - 2 potions of curing
 h - a potion of heal wounds {unknown}
 r - 2 potions of agility {unknown}
 t - a potion of lignification {unknown}
 w - a potion of poison {unknown}
Books
 d - a book of Changes

   Spells                             Type                      Level
   a - Beastly Appendage              Transmutation                1
   b - Sticks to Snakes               Transmutation                2
   c - Spider Form                    Transmutation/Poison         3
   d - Ice Form                       Ice/Transmutation            4
   e - Blade Hands                    Transmutation                5
Miscellaneous
 s - a plain deck of destruction {drawn: 3}
Comestibles
 a - 6 bread rations
 f - 3 fruits
 u - a chunk of flesh


   Skills:
 + Level 2.2 Fighting
 + Level 1.0 Short Blades
 + Level 4.1 Dodging
 + Level 0.8 Stealth
 + Level 3.4 Unarmed Combat
 + Level 3.0 Spellcasting
 + Level 3.1 Transmutations
 + Level 0.7 Evocations


You had 8 spell levels left.
You knew the following spells:

 Your Spells              Type           Power        Failure   Level  Hunger
a - Beastly Appendage     Trmt           ##....       10%         1    #......
b - Sticks to Snakes      Trmt           ##........   12%         2    ##.....


Dungeon Overview and Level Annotations

Branches:
Dungeon (4/15)
 Temple: D:4-7

Altars:
Elyvilon
Gozag
Nemelex Xobeh

Annotations:
D:4 Edmund


Innate Abilities, Weirdness & Mutations

Your plain brown scales are hard (AC +6).
Your body does not fit into most forms of armour.
Your cold-blooded metabolism reacts poorly to cold.
You have claws for feet.


Message History

The adder barely misses you. The adder bites you.
* * * LOW HITPOINT WARNING * * *
You open the door. The adder misses you.
The goblin hits you but does no damage. The adder closely misses you.
There is an open door here.
The adder bites you.
* * * LOW HITPOINT WARNING * * *
Casting: Beastly Appendage
Confirm with . or Enter, or press ? or * to list all spells.
Your feet morph into talons.
The adder bites you but does no damage.
You closely miss the adder. The adder bites you but does no damage.
You barely miss the adder. Your kick misses the adder.
Your tail-slap misses the adder.
The adder barely misses you.
You hit the adder but do no damage. The adder bites you but does no damage.
The adder closely misses you.
You barely miss the adder. Your kick misses the adder.
Your tail-slap misses the adder.
The adder bites you.
You die...
Your body disappears without a glow.

......
#........#
##...
#...8♣...#
#...
#..♣♣♣8..+
.
+..8♣♣♣..#
#...♣8...#
#........#
##...g..##
####S###
#@.#
#......#
#.######


You could see an adder and a goblin.

Vanquished Creatures
  A dwarf (D:3)
  A centaur skeleton (D:4)
  5 adders
  A worm (D:2)
  2 orcs
  A ball python (D:1)
  12 bats
  3 giant cockroaches
  7 goblins
  5 hobgoblins
  5 kobolds
  A quokka (D:2)
  2 giant geckos (D:1)
  2 giant newts (D:2)
  A jackal zombie (D:3)
  4 rats
53 creatures vanquished.

Vanquished Creatures (collateral kills)
  Grinder (D:3)
  A giant cockroach (D:4)
  A rat (D:4)
3 creatures vanquished.

Grand Total: 56 creatures vanquished

Notes
Turn   | Place    | Note
--------------------------------------------------------------
     0 | D:1      | maniek23, the Draconian Transmuter, began the quest for the Orb.
     0 | D:1      | Reached XP level 1. HP: 16/16 MP: 3/3
   259 | D:1      | Reached XP level 2. HP: 4/23 MP: 4/4
  1134 | D:2      | Reached XP level 3. HP: 9/28 MP: 4/6
  1829 | D:1      | Learned a level 2 spell: Sticks to Snakes
  1919 | D:2      | Reached XP level 4. HP: 29/36 MP: 7/7
  2198 | D:3      | Found an opulent altar of Gozag.
  2231 | D:3      | Found a sparkling altar of Nemelex Xobeh.
  2274 | D:3      | Became a worshipper of Nemelex Xobeh the Trickster
  2292 | D:3      | Noticed Grinder
  2498 | D:3      | Received a gift from Nemelex Xobeh
  2534 | D:3      | Killed Grinder
  2534 | D:3      | Reached XP level 5. HP: 41/41 MP: 6/9
  2551 | D:3      | Found a white marble altar of Elyvilon.
  2841 | D:4      | Noticed an ogre
  2858 | D:4      | Noticed an ogre
  2863 | D:3      | Noticed a dwarf
  2863 | D:3      | an ogre changed into a dwarf
  2871 | D:3      | Killed a dwarf
  2871 | D:3      | Reached skill level 1 in Short Blades
  2871 | D:3      | Reached skill level 4 in Dodging
  2871 | D:3      | Reached XP level 6. HP: 36/48 MP: 8/12
  3066 | D:4      | Noticed Edmund
  3151 | D:4      | Slain by an adder

Action                   |  1- 3 |  4- 6 || total
-------------------------+-------+-------++-------
Melee: Dagger            |   133 |    87 ||   220
       Unarmed           |     3 |    13 ||    16
 Cast: Beastly Appendage |     6 |     5 ||    11
       Sticks to Snakes  |       |     6 ||     6
Evoke: Deck              |       |     3 ||     3
  Use: Potion            |     1 |       ||     1
  Eat: Chunk             |     1 |     1 ||     2
       Fruit             |     1 |     1 ||     2
       Beef jerky        |     1 |       ||     1
       Meat ration       |       |     1 ||     1
